AoeStats
← {WaZzU'P} Recluta4!

Nomad

509757787Analyzed
4v4 RM · 4d ago on Sep 27, 2026· 39m 1s· 8 players
Game mode
Random Map
Map size
231×231
Population
200
Speed
Normal
Resources
Standard
Victory
Conquest
Starting age
Dark Age
Ending age
Imperial Age
RankedLock teamsTeams togetherTeam positionsShared explorationLock speedFull tech treeHidden civsTurbo modeCheats
Victory
Defeat
🇳🇴 Byzantines · Norway
1283
+14
🇺🇸 Poles · United States
1261
+15
🇨🇳 Koreans · China
1218
+17
🇨🇭 Mongols · Switzerland
1174
+18
🇺🇸 Japanese · United States
1257
-17
🇲🇽 Italians · Mexico
1254
-17
🇧🇷 Cumans · Brazil
1248
-17
🇵🇪 Vikings · Peru
1172
-13
帝国时代2--叶枫
7:30 Loom
15:34 Feudal Age
16:57 Gold Mining
20:53 Castle Age
18:42 Double-Bit Axe
19:23 Stone Mining
19:45 Horse Collar
21:34 Fishing Lines
26:05 Wheelbarrow
25:36 Gillnets
27:30 Bow Saw
28:52 Heavy Plow
29:09 Fletching
30:48 Bodkin Arrow
30:54 Husbandry
33:38 Scale Barding Armor
34:55 Forging
36:17 Gold Shaft Mining
38:40 Imperial Age
37:43 Stone Shaft Mining
37:08 Treadmill Crane
37:50 Ballistics
{WaZzU'P} Recluta4!
6:05 Loom
16:51 Feudal Age
17:33 Horse Collar
19:22 Wheelbarrow
19:55 Town Watch
21:04 Fletching
26:29 Castle Age
28:23 Bodkin Arrow
28:57 Scale Mail Armor
32:56 Ballistics
33:40 Masonry
36:02 Hand Cart
35:34 Double-Bit Axe
37:13 Fishing Lines
38:20 Gold Mining
38:43 Bow Saw
{WaZzU'P} GranPolo
5:18 Loom
15:05 Feudal Age
21:09 Castle Age
19:31 Stone Mining
19:42 Town Watch
20:53 Double-Bit Axe
21:03 Gold Mining
22:31 Town Patrol
22:52 Bow Saw
24:44 Fletching
26:21 Bodkin Arrow
27:10 Thumb Ring
28:04 Ballistics
28:32 Padded Archer Armor
29:12 Husbandry
29:51 Wheelbarrow
29:17 Fishing Lines
32:53 Gillnets
38:12 Hand Cart
38:58 Horse Collar
41:57 Imperial Age
Jonsiboi
3:07 Loom
12:36 Feudal Age
20:44 Forging
22:40 Castle Age
20:37 Double-Bit Axe
21:01 Fishing Lines
23:38 Medium Warships
24:08 Iron Casting
24:36 Gillnets
25:51 Gold Mining
31:59 Wheelbarrow
31:57 Bow Saw
32:32 Horse Collar
33:00 Scale Barding Armor
32:55 Treadmill Crane
33:52 Hand Cart
36:30 Imperial Age
34:46 Chain Barding Armor
36:50 Gold Shaft Mining
36:07 Stone Mining
38:16 Conscription
38:51 Plate Barding Armor
RMXs | Arobledoz
4:07 Loom
13:13 Feudal Age
13:42 Double-Bit Axe
14:50 Man-at-Arms
23:27 Castle Age
21:57 Fletching
22:23 Gold Mining
25:32 Bow Saw
WatzTheDeal
6:39 Loom
8:31 Loom
14:50 Feudal Age
17:32 Wheelbarrow
21:14 Castle Age
20:50 Double-Bit Axe
20:57 Town Watch
20:56 Horse Collar
21:09 Gold Mining
26:46 Scale Mail Armor
26:56 Forging
26:48 Squires
26:33 Arson
26:45 Fishing Lines
31:39 Chain Mail Armor
31:59 Iron Casting
38:18 Imperial Age
38:25 Capped Ram
38:40 Capped Ram
Vhl.Leader
15:33 Feudal Age
19:44 Castle Age
18:26 Double-Bit Axe
19:31 Loom
27:48 Fletching
29:21 Bodkin Arrow
30:32 Capped Ram
Azom
5:55 Loom
15:27 Feudal Age
22:55 Town Watch
25:41 Castle Age
26:39 Medium Warships
26:51 Double-Bit Axe
28:59 Stone Mining
30:39 Fishing Lines
33:46 Imperial Age
31:58 Bow Saw
32:40 Fletching
33:35 Bodkin Arrow
34:04 Clinker Construction
34:15 Ballistics
36:56 Scale Mail Armor
37:36 Squires
38:23 Gold Mining
38:55 Chain Mail Armor
38:49 Siege Engineers
Connection lost

Rejoining the realm…

Still unreachable

The connection could not be restored.

Session expired

The server has moved on; the page needs a fresh start.